 Dungeon Crawl Stone Soup version 0.22-a0-525-gf69a080 (webtiles) character file.

261 KristoblXynda the Ruffian (level 5, 0/45 HPs)
             Began as a Troll Wizard on June 20, 2018.
             Slain by Pikel
             ... wielding a +2 whip of flaming
              (2 damage)
             ... on level 4 of the Dungeon on June 21, 2018.
             The game lasted 00:05:25 (2690 turns).

KristoblXynda the Ruffian (Troll Wizard)            Turns: 2690, Time: 00:05:26

Health: 0/45       AC:  5    Str: 15    XL:     5   Next: 96%
Magic:  1/7        EV: 15    Int: 15    God:
Gold:   145        SH:  0    Dex: 13    Spells: 4/8 levels left

rFire    . . .     SeeInvis .     - Unarmed
rCold    . . .     Gourm    +   (no shield)
rNeg     . . .     Faith    .   a - +0 robe
rPois    .         Spirit   .   b - +0 hat
rElec    .         Reflect  .   (no cloak)
rCorr    .         Harm     .   (gloves unavailable)
MR       .....                  (boots unavailable)
Stlth    +++.......             (no amulet)
HPRegen  0.55/turn              (no ring)
MPRegen  0.10/turn              (no ring)

@: agile, very slightly contaminated
A: large, unfitting armour, claws 3, fast metabolism 3, gourmand, regeneration
1, shaggy fur 1, tough skin 2
a: no special abilities


You were on level 4 of the Dungeon.
You were very full.

You visited 1 branch of the dungeon, and saw 4 of its levels.

You collected 145 gold pieces.

Inventory:

Armour
 a - a +0 robe (worn)
 b - a +0 hat (worn)
Scrolls
 c - 3 scrolls of teleportation {unknown}
 e - 4 scrolls of identify {unknown}
 i - a scroll of enchant weapon {unknown}
 j - a scroll of noise {unknown}
 m - 2 scrolls of amnesia {unknown}
 o - a scroll of blinking {unknown}
 r - a scroll of remove curse {unknown}
Potions
 f - a potion of agility
 h - a potion of haste {unknown}
 k - 2 potions of might {unknown}
 l - a potion of lignification {unknown}
 n - 2 potions of heal wounds {unknown}
 q - 2 potions of degeneration {unknown}
Comestibles
 d - 9 rations
 p - a chunk of flesh


   Skills:
 - Level 1.5 Dodging
 - Level 1.0 Stealth
 + Level 4.0 Unarmed Combat
 - Level 2.0 Spellcasting
 + Level 3.1 Conjurations
   Level 0.6 Summonings
   Level 0.6 Translocations


You had 4 spell levels left.
You knew the following spells:

 Your Spells              Type           Power        Failure   Level  Hunger
a - Magic Dart            Conj           ##..         6%          1    #......
b - Mephitic Cloud        Conj/Pois/Air  #.......     41%         3    ###....

Your spell library contained the following spells:

 Spells                   Type           Power        Failure   Level  Hunger
 Conjure Flame            Conj/Fire      #.......     34%         3    ###....
 Slow                     Hex            #.......     32%         2    ###....
 Blink                    Tloc           N/A          26%         2    ###....
 Call Imp                 Summ           #.......     26%         2    ###....


Dungeon Overview and Level Annotations

Branches:
Dungeon (4/15)
 Temple: D:4-7

Altars:

Annotations:
D:4 Pikel


Innate Abilities, Weirdness & Mutations

You are too large for most types of armour.
You have claws for hands.
Your metabolism is lightning-fast.
You like to eat raw meat.
Your natural rate of healing is unusually fast.
You are covered in fur. (AC +1)
You have very tough skin. (AC +2)


Message History

Pikel burns you.
* * * LOW HITPOINT WARNING * * *
Pikel misses you. The slave hits you.
* * * LOW HITPOINT WARNING * * *
Some of the chunks of flesh in your inventory have rotted away.
Pikel says, "Wow, you'd add a bit of variety to my gang!"
Pikel checks his coin pouch and frowns.
Casting: Mephitic Cloud (slightly dangerous; 41% risk of failure)
Confirm with . or Enter, or press ? or * to list all spells.
Aiming: Mephitic Cloud (slightly dangerous; 41% risk of failure)
Press: ? - help, Shift-Dir - straight line, f/p - Pikel
Aim: Pikel, wielding a whip of flaming and wearing a robe (severely wounded) That beam is likely to hit you.
Continue anyway?
You miscast Mephitic Cloud.
You feel sick.
Pikel says, "You'll feel the lick of my whip!"
Pikel hits you with a whip of flaming.
* * * LOW HITPOINT WARNING * * *
Pikel burns you.
You die...

#.......p##.####.....
#........)(..........
#....[.....(.........
#..............####..
#....)p[.......# #..
#.....p........####..
######p#.......##....
#.K.#.......##.#..
#@###.......##....
#..# ##.###...#..#.
#.## #.. ##....... #.
##.........>. ..
#........... ###
...###.<..... ##
#....... ##...#..
#......


You could see Pikel and 2 slaves.

Vanquished Creatures
  A slave (D:3)
  A scorpion (D:4)
  Jessica (D:2)
  An orc wizard (D:4)
  A worker ant (D:4)
  3 adders
  2 oozes
  2 adder skeletons (D:4)
  2 worms
  A dart slug (D:2)
  2 leopard geckos
  6 orcs
  A giant cockroach (D:1)
  12 goblins
  6 hobgoblins
  11 jackals
  6 kobolds
  A ball python (D:1)
  A ball python skeleton (D:4)
  9 bats
  2 frilled lizards
  10 rats
82 creatures vanquished.

Notes
Turn   | Place    | Note
-------+----------+-------------------------------------------
     0 | D:1      | KristoblXynda the Troll Wizard began the quest for the Orb.
     0 | D:1      | Reached XP level 1. HP: 16/16 MP: 2/2
   265 | D:1      | Reached skill level 1 in Conjurations
   285 | D:1      | Reached skill level 1 in Unarmed Combat
   289 | D:1      | Reached XP level 2. HP: 24/24 MP: 4/4
   615 | D:1      | Reached XP level 3. HP: 27/31 MP: 5/5
   852 | D:2      | Reached skill level 2 in Unarmed Combat
  1002 | D:2      | Reached XP level 4. HP: 34/39 MP: 6/6
  1470 | D:2      | Noticed Jessica
  1481 | D:2      | Killed Jessica
  1490 | D:2      | Reached skill level 3 in Unarmed Combat
  2425 | D:4      | Reached XP level 5. HP: 44/45 MP: 7/7
  2483 | D:4      | Learned a level 3 spell: Mephitic Cloud
  2593 | D:4      | Noticed Pikel
  2593 | D:4      | Noticed a slave
  2593 | D:4      | Noticed a slave
  2593 | D:4      | Noticed a slave
  2593 | D:4      | Noticed a slave
  2622 | D:4      | Reached skill level 4 in Unarmed Combat
  2642 | D:3      | Killed a slave
  2690 | D:4      | HP: 2/45 [Pikel/whip of flaming (6)]
  2690 | D:4      | Slain by Pikel

Vault maps used:
D:1:      matt_arrival_grand_opening
D:2:      kennysheep_the_goblin_king, first_ration, uniq_jessica
D:4:      chequers_temple_overflow_statue_of_worship, uniq_pikel

Skill      XL: |  1  2  3  4  5 |
---------------+----------------+-----
Conjurations   | 1 2 3 |  3.1
Unarmed Combat | 1 2 3 4 |  4.0
Dodging        | |  1.5
Stealth        | |  1.0
Spellcasting   | |  2.0
Summonings     | |  0.6
Translocations | |  0.6

Action                   |  1- 3 |  4- 6 || total
-------------------------+-------+-------++-------
Melee: Unarmed           |   136 |   146 ||   282
       Punch             |       |     2 ||     2
 Cast: Mephitic Cloud    |       |     2 ||     2
  Use: Potion            |       |     3 ||     3
 Stab: Sleeping          |     1 |       ||     1
  Eat: Chunk             |    15 |    15 ||    30
Armor: Robe              |    58 |    63 ||   121
Dodge: Dodged            |    58 |    78 ||   136

Table legend:
 A = Spawn XP
 B = Non-spawn XP
 C = Spawn XP percentage of total XP
 D = Spawn monster count
 E = Non-spawn monster count
 F = Spawn count percentage of total count
 G = Total turns spent on level
                    A         B        C        D         E        F      G
               +---------+---------+-------+---------+---------+-------+---------
         Total |       0 |     374 |   0.0 |       0 |      81 |   0.0 |  2690
               +---------+---------+-------+---------+---------+-------+---------
           D:1 |       0 |      44 |   0.0 |       0 |      21 |   0.0 |   834
           D:2 |       0 |     120 |   0.0 |       0 |      30 |   0.0 |   667
           D:3 |       0 |      31 |   0.0 |       0 |      16 |   0.0 |   931
           D:4 |       0 |     179 |   0.0 |       0 |      14 |   0.0 |   258
               +---------+---------+-------+---------+---------+-------+---------
